 Dungeon Crawl Stone Soup version 0.24-a0-92-g7d8ec57 (webtiles) character file.

Game seed: 11729014171633916964

114 MalarOregon the Chiller (level 4, 0/30 HPs)
             Began as a Merfolk Ice Elementalist on Feb 9, 2019.
             Slain by a gnoll
             ... wielding a +0 spear
              (4 damage)
             ... on level 3 of the Dungeon.
             The game lasted 00:04:57 (1959 turns).

MalarOregon the Chiller (Merfolk Ice Elementalist)  Turns: 1959, Time: 00:04:58

Health: 0/30       AC:  3    Str:  8    XL:     4   Next: 98%
Magic:  8/8        EV: 13    Int: 15    God:
Gold:   108        SH:  0    Dex: 14    Spells: 2/9 levels left

rFire    . . .     SeeInvis .   q - +2 dagger (venom)
rCold    . . .     Gourm    .   (no shield)
rNeg     . . .     Faith    .   a - +0 robe
rPois    .         Spirit   .   h - +0 helmet (curse)
rElec    .         Reflect  .   (no cloak)
rCorr    .         Harm     .   (no gloves)
MR       .....                  (no boots)
Stlth    ++........             (no amulet)
HPRegen  0.10/turn              (no ring)
MPRegen  0.11/turn              (no ring)

@: no status effects
A: change form in water, swift swim, stealthy swim
a: no special abilities


You were on level 3 of the Dungeon.
You were hungry.

You visited 1 branch of the dungeon, and saw 3 of its levels.

You collected 108 gold pieces.

Inventory:

Hand Weapons
 o - a +0 quarterstaff
   (You found it on level 2 of the Dungeon)
 q - a +2 dagger of venom (weapon)
   (You took it off an orc on level 3 of the Dungeon)
Armour
 a - a +0 robe (worn)
 h - a cursed +0 helmet (worn)
   (You found it on level 1 of the Dungeon)
Magical Staves
 f - an uncursed staff of summoning
   (You found it on level 3 of the Dungeon)
Scrolls
 b - a scroll of teleportation {unknown}
 d - a scroll of amnesia {unknown}
 g - 2 scrolls of noise {unknown}
 l - a scroll of identify {unknown}
 m - a scroll of enchant weapon {unknown}
Potions
 c - 2 potions of flight {unknown}
 i - a potion of brilliance {unknown}
 j - 2 potions of haste {unknown}
 k - a potion of cancellation {unknown}
 n - 2 potions of curing {unknown}
 p - a potion of invisibility {unknown}
Comestibles
 e - 8 rations {!d}


   Skills:
 + Level 0.6 Staves
 - Level 2.6 Dodging
 - Level 2.1 Stealth
 + Level 3.0 Spellcasting
 + Level 1.2 Conjurations
 + Level 4.9 Ice Magic


You had 2 spell levels left.
You knew the following spells:

 Your Spells              Type           Power        Failure   Level  Hunger
a - Freeze                Ice            ###.         2%          1    #......
c - Throw Icicle          Conj/Ice       ##......     50%         4    #####..
x - Throw Frost           Conj/Ice       ##....       9%          2    ##.....

Your spell library contained the following spells:

 Spells                   Type           Power        Failure   Level  Hunger
 Ozocubu's Armour         Chrm/Ice       #.......     22%         3    ###....
 Summon Ice Beast         Ice/Summ       #.......     56%         4    #####..


Dungeon Overview and Level Annotations

Branches:
Dungeon (3/15)

Altars:


Message History

Found a scroll labeled MEFOCKEMPUS.
An ooze comes into view.
An ooze is nearby!
You are feeling hungry.
Found a club.
Found 15 gold pieces.
The helpless ooze fails to defend itself.
You puncture the ooze!
The ooze is poisoned.
The ooze closely misses you.
You hit the ooze.
You kill the ooze!
You now have 108 gold pieces (gained 15).
e - 8 rations {!d} (gained 1)
d - a scroll labeled MEFOCKEMPUS 2 gnolls come into view.
A gnoll comes into view.
Found 16 gold pieces.
The gnoll shouts!
You hear a shout!
The gnoll barely misses you. The gnoll hits you with a +0 spear.
You completely miss the gnoll. The gnoll completely misses you.
The gnoll closely misses you.
You hit the gnoll.
The gnoll is poisoned.
The gnoll misses you. The gnoll hits you with a +0 spear.
You barely miss the gnoll.
The gnoll hits you from afar with a +0 spear.
The gnoll completely misses you.
You kill the gnoll!
Your Spellcasting skill increases to level 3!
A goblin comes into view. It is wielding a +0 dagger.
The goblin shouts!
The gnoll hits you with a +0 spear.
* * * LOW HITPOINT WARNING * * *
You hit the gnoll.
The gnoll is poisoned.
The gnoll hits you with a +0 spear.
* * * LOW HITPOINT WARNING * * *
The gnoll hits you from afar with a +0 spear!
* * * LOW HITPOINT WARNING * * *
The gnoll looks more healthy.
An adder comes into view.
The gnoll hits you from afar with a +0 spear.
* * * LOW HITPOINT WARNING * * *
The gnoll barely misses you.
Items here: ))) [[ a +0 war axe; a +0 club; a cursed +0 leather armour; a +0 flail a +0 scale mail You see here a +0 club.
The gnoll barely misses you. The gnoll hits you with a +0 spear!
* * * LOW HITPOINT WARNING * * *
You hit the gnoll but do no damage.
The gnoll is poisoned.
The gnoll hits you with a +0 spear.
You die...

# #.......#..#.#
#
#..###.g####.###
#.. #..........
..
##.####.########
#..g).........#
######g######.#
#g# #.# #g# #.#
#@# #.# #.# #.#
#.# #.#
........# #.#
##############.#
#<.........#
############


You could see 2 gnolls and a goblin.

Vanquished Creatures
  An orc priest (D:3)
  Jessica (D:2)
  A gnoll (D:3)
  An ooze (D:3)
  A worm (D:2)
  A dart slug (D:1)
  3 orcs (D:3)
  7 bats
  2 giant cockroaches
  5 hobgoblins
  4 kobolds
  2 ball pythons (D:2)
  4 frilled lizards
  3 goblins
  5 rats
41 creatures vanquished.

Notes
Turn   | Place    | Note
-------+----------+-------------------------------------------
     0 | D:1      | MalarOregon the Merfolk Ice Elementalist began the quest
                  | for the Orb.
     0 | D:1      | Reached XP level 1. HP: 13/13 MP: 3/3
   214 | D:1      | Reached XP level 2. HP: 19/19 MP: 3/5
   795 | D:2      | Reached skill level 4 in Ice Magic
   991 | D:2      | Noticed Jessica
   999 | D:2      | Killed Jessica
   999 | D:2      | Reached XP level 3. HP: 21/24 MP: 2/6
  1291 | D:2      | Reached XP level 4. HP: 30/30 MP: 5/8
  1491 | D:2      | Learned a level 2 spell: Throw Frost
  1496 | D:2      | Learned a level 4 spell: Throw Icicle
  1670 | D:3      | Reached skill level 1 in Conjurations
  1959 | D:3      | Slain by a gnoll

Levels and vault maps discovered:
D:1:      onia_arrival_pentagram, layout_loops_ring
D:2:      layout_loops_ring, grunt_ministairs_15, lemuel_statue_altar,
          uniq_jessica
D:3:      layout_basic

Skill      XL: |  1  2  3  4 |
---------------+-------------+-----
Ice Magic      | 4 |  4.9
Conjurations   | 1 |  1.2
Spellcasting   | 3 |  3.0
Staves         | |  0.6
Dodging        | |  2.6
Stealth        | |  2.1

Action                   |  1- 3 |  4- 6 || total
-------------------------+-------+-------++-------
Melee: Short sword       |     7 |     2 ||     9
       Quarterstaff      |       |     9 ||     9
       Dagger            |       |     7 ||     7
 Cast: Freeze            |    43 |    12 ||    55
 Stab: Sleeping          |     3 |     2 ||     5
  Eat: Chunk             |     2 |     1 ||     3
Armor: Robe              |     8 |     1 ||     9
Dodge: Dodged            |    27 |    16 ||    43

Table legend:
 A = Non-vault XP
 B = Vault XP
 C = Vault XP percentage of total XP
 D = Non-vault monster count
 E = Vault monster count
 F = Vault count percentage of total count
                 A         B        C        D         E       F
            +---------+---------+-------+---------+---------+-------
      Total |     121 |      43 |  26.2 |      38 |       3 |   7.3
            +---------+---------+-------+---------+---------+-------
        D:1 |      21 |       0 |   0.0 |      13 |       0 |   0.0
        D:2 |      23 |      43 |  65.2 |      15 |       3 |  16.7
        D:3 |      77 |       0 |   0.0 |      10 |       0 |   0.0
            +---------+---------+-------+---------+---------+-------
